 Dungeon Crawl Stone Soup version 0.24.0-2-g5b39cebb1c (webtiles) character file.

Game seed: 2799129405574539249, levelgen mode: deterministic

42 ventricule the Shield-Bearer (level 3, -3/33 HPs)
             Began as a Deep Dwarf Fighter on Oct 29, 2019.
             Killed by nerve-wracking pain
             ... invoked by an orc priest
              (12 damage)
             ... on level 3 of the Dungeon.
             The game lasted 00:00:58 (1217 turns).

ventricule the Shield-Bearer (Deep Dwarf Fighter)   Turns: 1217, Time: 00:00:58

Health: -3/33      AC:  7    Str: 20    XL:     3   Next: 33%
Magic:  3/3        EV:  7    Int:  8    God:
Gold:   106        SH:  9    Dex: 12    Spells: 2/2 levels left

rFire    . . .     SeeInvis .   a - +0 war axe
rCold    . . .     Gourm    .   c - +0 shield
rNeg     . . .     Faith    .   b - +0 scale mail
rPois    .         Spirit   .   (no helmet)
rElec    .         Reflect  .   (no cloak)
rCorr    .         Harm     .   (no gloves)
MR       .....                  (no boots)
Stlth    ..........             (no amulet)
HPRegen  0.00/turn              (no ring)
MPRegen  0.08/turn              (no ring)

@: non-regenerating
A: damage resistance, heal wounds, sense surroundings 1, no regeneration
a: Heal Wounds


You were on level 3 of the Dungeon.
You were not hungry.

You visited 1 branch of the dungeon, and saw 3 of its levels.

You collected 106 gold pieces.

Inventory:

Hand Weapons
 a - a +0 war axe (weapon)
Missiles
 Q - 64 stones (quivered)
Armour
 b - a +0 scale mail (worn)
 c - a +0 shield (worn)
 s - a +0 pair of gloves
Jewellery
 q - an uncursed ring of positive energy {unknown}
Scrolls
 g - 2 scrolls of blinking {unknown}
 h - 2 scrolls of noise {unknown}
 i - 2 scrolls of amnesia {unknown}
 j - a scroll of identify {unknown}
 n - a scroll of remove curse {unknown}
 o - a scroll of enchant weapon {unknown}
 r - a scroll of immolation {unknown}
Potions
 d - 3 potions of might
 k - 2 potions of lignification {unknown}
 l - a potion of mutation {unknown}
 m - a potion of heal wounds {unknown}
 p - a potion of brilliance {unknown}
Comestibles
 e - 3 rations
 f - 3 chunks of flesh


   Skills:
 - Level 2.6 Fighting
 + Level 3.0 Axes
 + Level 3.9 Armour
 + Level 3.9 Shields


You had 2 spell levels left.
You didn't know any spells.
Your spell library was empty.

Dungeon Overview and Level Annotations

Branches:
Dungeon (3/15)

Altars:
Gozag
Nemelex Xobeh
Wu Jian


Innate Abilities, Weirdness & Mutations

You are resistant to damage.
You can heal yourself by infusing magical energy.
You passively map a small area around you.
You do not regenerate.


Message History

You barely miss the orc.
The orc priest hits you but does no damage.
You block the orc's attack.
The orc priest hits you but does no damage.
You hit the orc priest but do no damage.
You closely miss the orc. The orc priest barely misses you.
The orc hits you with a +2 vampiric war axe!
* * * LOW HITPOINT WARNING * * *
You take 6 damage, and have 10/33 hp.
You hit the orc priest. You hit the orc.
The orc hits you with a +2 vampiric war axe.
* * * LOW HITPOINT WARNING * * *
The orc draws strength from your wounds!
The orc priest hits you but does no damage.
You take 1 damage, and have 9/33 hp.
You fail to use your ability.
The orc hits you with a +0 club. You block the orc's attack.
The orc priest mumbles some strange prayers to Beogh against you.
Pain shoots through your body!
You die...

###
################.#
,
.......<.........#
8..8############.#
* , .....# #.###.#
#..### * * #@o...#
, .....# *
......oo#####
#..### ,......(o.
, ....#
*,........##**
#..### >.......#
.....# ........#
#..###, ........#
....# ,....#####
_...#* ,


You could see an orc priest and 3 orcs.

Levels and vault maps discovered:
D:1:      lordsloth_arrival_two_stooges, layout_basic, minmay_pentomino_x4
D:2:      layout_loops_ring, serial_bayou_pond_a
D:3:      kennysheep_six_static_rooms, layout_basic, minitemple, first_ration

Notes
Turn   | Place    | Note
-------+----------+-------------------------------------------
     0 | D:1      | ventricule the Deep Dwarf Fighter began the quest for the
                  | Orb.
     0 | D:1      | Reached XP level 1. HP: 20/20 MP: 1/1
     0 | D:1      | Identified a +0 hand axe
     0 | D:1      | Identified a +0 mace
    61 | D:1      | Identified a +0 dagger
   165 | D:1      | Identified a +0 club
   168 | D:1      | Reached XP level 2. HP: 22/27 MP: 2/2
   627 | D:2      | Identified a +0 dagger
   630 | D:2      | Reached XP level 3. HP: 28/33 MP: 3/3
  1001 | D:2      | Reached skill level 3 in Axes
  1049 | D:2      | Identified a +0 club
  1181 | D:3      | Found an opulent altar of Gozag.
  1181 | D:3      | Found a sparkling altar of Nemelex Xobeh.
  1183 | D:3      | Found an ornate altar of the Wu Jian Council.
  1209 | D:3      | Identified a +0 dagger
  1209 | D:3      | Identified a +0 chain mail
  1211 | D:3      | Identified a +0 club
  1211 | D:3      | Identified a +0 chain mail
  1212 | D:3      | Identified a +2 vampiric war axe
  1217 | D:3      | Killed from afar by an orc priest

Table legend:
 A = Turns spent in this place as a percentage of turns spent in the entire game.
 B = Non-inter-level travel turns spent in this place as a percentage of non-inter-level travel turns spent in the entire game.
 C = Inter-level travel turns spent in this place as a percentage of turns spent in this place.
 D = Turns resting spent in this place as a percentage of non-inter-level travel turns spent in this place.
 E = Turns spent auto-exploring this place as a percentage of non-inter-level travel turns spent in this place.
 F = Non-inter-level travel turns spent in this place divided by the number of levels of this place that you've seen.
                   A       B       C       D       E      F
               +-------+-------+-------+-------+-------+----------------------
         Total | 100.0 | 100.0 |   3.4 |   0.0 |  87.8 | 392.0
       Dungeon | 100.0 | 100.0 |   3.4 |   0.0 |  87.8 | 392.0
               +-------+-------+-------+-------+-------+----------------------

Table legend:
 A = Kills in this place as a percentage of kills in entire the game.
 B = Kills by you in this place as a percentage of kills by you in the entire game.
 C = Kills by friends in this place as a percentage of kills by friends in the entire game.
 D = Other kills in this place as a percentage of other kills in the entire game.
 E = Experience gained in this place as a percentage of experience gained in the entire game.
 F = Experience gained in this place divided by the number of levels of this place that you have seen.
                   A       B       C       D       E      F
               +-------+-------+-------+-------+-------+----------------------
         Total | 100.0 | 100.0 |   N/A |   N/A | 100.0 |  20.0
       Dungeon | 100.0 | 100.0 |   N/A |   N/A | 100.0 |  20.0
               +-------+-------+-------+-------+-------+----------------------

Skill      XL: |  1  2  3 |
---------------+----------+-----
Axes           | 3 |  3.0
Fighting       | |  2.6
Armour         | |  3.9
Shields        | |  3.9

Action                   || total
-------------------------++-------
Melee: War axe           ||    66
  Eat: Chunk             ||     1
Armor: Scale mail        ||    28
Dodge: Dodged            ||    17
Block: Shield            ||    38

Vanquished Creatures
  An adder (D:2)
  An ooze (D:2)
  A leopard gecko (D:2)
  A ball python (D:1)
  A bat (D:1)
  2 giant cockroaches (D:1)
  2 goblins
  4 hobgoblins
  4 jackals (D:2)
  2 kobolds
  2 frilled lizards
  4 rats
25 creatures vanquished.
